 Dungeon Crawl Stone Soup version 0.20.1-1-g8b1a95d (webtiles) character file.

5219 gobwax the Basher (level 10, -12/72 HPs)
             Began as a Demonspawn Gladiator on July 4, 2017.
             Was an Elder of Okawaru.
             Mangled by a purple ugly thing (14 damage)
             ... on level 9 of the Dungeon.
             The game lasted 00:24:38 (8101 turns).

gobwax the Basher (Demonspawn Gladiator)            Turns: 8101, Time: 00:24:39

Health: -12/72     AC: 18    Str: 24      XL:     10   Next: 35%
Magic:  0/10       EV: 14    Int: 10      God:    Okawaru [****..]
Gold:   128        SH:  0    Dex: 21 (22) Spells: 9/9 levels left

rFire    + . .     SeeInvis .   O - +5 flail (protect)
rCold    . . .     Gourm    .   (no shield)
rNeg     + . .     Faith    .   n - +2 chain mail {rN+}
rPois    .         Spirit   +   (helmet restricted)
rElec    .         Reflect  .   (no cloak)
rCorr    .         Harm     .   A - +0 pair of gloves of the Worm {Str+4} (curse)
MR       .....     Clarity  +   (no boots)
Stlth    ..........             (no amulet)
Regen    0.3/turn               g - +3 ring of protection
MPRegen  0.3/turn               (no ring)

@: mighty, agile, berserk cooldown, flying, very slightly contaminated, slowed,
very slow
A: horns 2, molten scales 3, agile 1, clarity, powered by pain 1, weak 1, magic
shield, magic regeneration
a: Heroism, Renounce Religion


You were on level 9 of the Dungeon.
You worshipped Okawaru.
Okawaru was greatly pleased with you.
You were near starving.

You visited 2 branches of the dungeon, and saw 10 of its levels.

You collected 382 gold pieces.
You spent 254 gold pieces at shops.

Inventory:

Hand Weapons
 a - a +0 flail
 H - the +1 mace of the Madman {protect, MR+}
   (You bought it in a shop on level 6 of the Dungeon)

   It protects the one who uses it against injury (+AC on strike).
   It affects your resistance to hostile enchantments.
 O - a +5 flail of protection (weapon)
Missiles
 d - 3 throwing nets (quivered)
Armour
 b - a +0 leather armour
 c - a +0 helmet
 n - a +2 chain mail of positive energy (worn)
 q - a +0 large shield
 A - the cursed +0 pair of gloves of the Worm (worn) {Str+4}
   (You found it on level 6 of the Dungeon)

   It affects your strength (+4).
   It has a curse placed upon it.
Jewellery
 g - a +3 ring of protection (left hand)
 x - an uncursed ring of teleportation
 y - a cursed -2 ring of intelligence {unknown}
 z - a cursed amulet of inaccuracy
Wands
 v - a wand of confusion (26/48)
 I - a wand of enslavement (3/24)
 J - a wand of flame (18/48)
 L - a wand of lightning (7/15)
Scrolls
 h - a scroll of fear
 j - 2 scrolls of magic mapping
 r - a scroll of amnesia
 D - 4 scrolls of identify
 N - a scroll of noise {unknown}
Potions
 m - 2 potions of resistance
 s - 2 potions of mutation
 t - a potion of cancellation {unknown}
 w - a potion of lignification {unknown}
 K - a potion of might
 P - a potion of invisibility {unknown}
Books
 i - a book of Changes

   Spells                             Type                      Level
   a - Beastly Appendage              Transmutation                1
   b - Sticks to Snakes               Transmutation                2
   c - Spider Form                    Transmutation/Poison         3
   d - Ice Form                       Ice/Transmutation            4
   e - Blade Hands                    Transmutation                5
 l - a book of Minor Magic

   Spells                             Type                      Level
   a - Magic Dart                     Conjuration                  1
   b - Blink                          Translocation                2
   c - Call Imp                       Summoning                    2
   d - Slow                           Hexes                        2
   e - Conjure Flame                  Conjuration/Fire             3
   f - Mephitic Cloud                 Conjuration/Poison/Air       3
 G - a book of Frost

   Spells                             Type                      Level
   a - Freeze                         Ice                          1
   b - Throw Frost                    Conjuration/Ice              2
   c - Ozocubu's Armour               Charms/Ice                   3
   d - Throw Icicle                   Conjuration/Ice              4
   e - Summon Ice Beast               Ice/Summoning                4
Comestibles
 f - 6 bread rations
 k - 3 royal jellies
 p - 4 fruits
 u - a meat ration


   Skills:
 + Level 4.3 Fighting
 - Level 13.0 Maces & Flails
 - Level 1.7 Throwing
 - Level 2.6 Dodging
 * Level 3.2 Shields


You had 9 spell levels left.
You didn't know any spells.

Dungeon Overview and Level Annotations

Branches:
Dungeon (9/15)             Temple (1/1) D:4            Lair (0/6) D:8
    Orc: D:9-12

Altars:
Ashenzari
Cheibriados
Dithmenos
Elyvilon
Fedhas
Gozag
Hepliaklqana
Kikubaaqudgha
Makhleb
Nemelex Xobeh
Okawaru
Qazlal
Ru
Sif Muna
Trog
Uskayaw
Vehumet
Xom
Yredelemnul
Zin
The Shining One

Shops:
D:5 [   D:6 (   D:7 [=([


Innate Abilities, Weirdness & Mutations

You have a pair of horns on your head.
You are completely covered in molten scales. (AC +4, rF+)
You sometimes gain a little power by taking damage.
When hurt, damage is shared between your health and your magic reserves.
You regenerate magic rapidly.
You are agile. (Dex +2)
You possess an exceptional clarity of mind.
You are weak. (Str -2)


Message History

You see here an arrow.
It was a potion of agility.
You feel more agile all of a sudden.
The phantom hits you but does no damage.
The purple ugly thing pecks you but does no damage.
The phantom hits you but does no damage. x2
The purple ugly thing closely misses you.
The phantom misses you.
Your chain mail prevents you from hitting the phantom.
You headbutt the phantom!!
The phantom is heavily damaged.
The centaur unwields an uncursed shortbow.
The centaur hits you but does no damage.
The phantom misses you. The purple ugly thing misses you.
The phantom barely misses you.
It was a potion of flight.
You feel very buoyant.
You fly up into the air.
The phantom closely misses you. The purple ugly thing pecks you!
You die...

## .###.....###
})##.####.....##
).....##...#...##
.§....#..##.##Y.##
#....##.J.##O.#
#Y....#.a.#..c#
#.#...##.%.##.z+
#. ##O(c#...#Fzu#
.. #Wz##...##W@# #
##..##c##.W##
##(.†#...##
##)....## ###+###


You could see a catoblepas, a purple ugly thing, 2 skeletal warriors, 2
phantoms, an ogre, a bullfrog and a centaur.

Vanquished Creatures
  A skeletal warrior (D:9)
  Joseph (D:8)
  The ghost of Baril the Caller, a novice DESu of Vehumet (D:4)
  2 hippogriffs (D:7)
  2 hungry ghosts
  2 black bears (D:8)
  An orc warrior (D:8)
  2 sky beasts (D:9)
  3 ice beasts
  A phantom (D:9)
  5 centaurs
  2 ogres
  2 big kobolds (D:8)
  2 bullfrogs (D:7)
  A gnoll sergeant (D:4)
  A water moccasin zombie (D:5)
  2 scorpions
  6 killer bees (D:8)
  4 wights
  A howler monkey (D:6)
  5 crimson imps
  2 jellies
  A quasit (D:9)
  A bullfrog zombie (D:7)
  2 orc priests
  A hound (D:4)
  3 bullfrog skeletons
  An orc wizard (D:9)
  2 centaur skeletons (D:9)
  2 iguanas (D:8)
  Natasha (thrice) (D:3)
  3 worker ants
  A hound zombie (D:9)
  3 hound skeletons
  3 worker ant zombies
  8 gnolls
  13 adders
  2 shadow imps
  An adder skeleton (D:4)
  An adder zombie (D:5)
  2 worms
  3 dart slugs
  4 leopard geckos
  11 orcs
  6 giant cockroaches
  14 goblins
  9 hobgoblins
  21 jackals
  4 quokkas
  3 ball pythons
  8 bats
  8 frilled lizards
  A jackal zombie (D:5)
  13 kobolds
  A leopard gecko zombie (D:7)
  9 rats
  A spectral orc (D:3)
218 creatures vanquished.

Notes
Turn   | Place    | Note
-------+----------+-------------------------------------------
     0 | D:1      | gobwax the Demonspawn Gladiator began the quest for the Orb.
     0 | D:1      | Reached XP level 1. HP: 16/16 MP: 1/1
    39 | D:1      | Reached skill level 3 in Maces & Flails
   390 | D:1      | Gained mutation: You have a pair of small horns on your head. [demonic ancestry]
   390 | D:1      | Reached XP level 2. HP: 21/22 MP: 2/2
   838 | D:1      | Gained mutation: You sometimes gain a little power by taking damage. [demonic ancestry]
   838 | D:1      | Reached XP level 3. HP: 19/27 MP: 3/3
   930 | D:1      | Reached skill level 4 in Maces & Flails
  1549 | D:2      | Gained mutation: You are partially covered in molten scales. (AC +2) [demonic ancestry]
  1549 | D:2      | Reached XP level 4. HP: 33/33 MP: 4/4
  2140 | D:2      | You fall through a shaft!
  2177 | D:3      | Noticed Natasha
  2178 | D:3      | Reached skill level 5 in Maces & Flails
  2192 | D:3      | Killed Natasha
  2192 | D:3      | Gained mutation: You have a pair of horns on your head. [demonic ancestry]
  2192 | D:3      | Reached XP level 5. HP: 19/38 MP: 5/5
  2237 | D:3      | You fall through a shaft for 2 floors!
  2237 | D:5      | Entered Level 5 of the Dungeon
  2237 | D:5      | Noticed a centaur
  2300 | D:3      | Noticed Natasha
  2316 | D:3      | Killed Natasha
  2441 | D:3      | Noticed Natasha
  2447 | D:3      | Killed Natasha
  2517 | D:3      | Found a basalt altar of Yredelemnul.
  2791 | D:4      | Reached skill level 6 in Maces & Flails
  2798 | D:4      | Noticed an ogre
  2814 | D:4      | Killed an ogre
  2814 | D:4      | Gained mutation: You are mostly covered in molten scales. (AC +3) [demonic ancestry]
  2814 | D:4      | Reached XP level 6. HP: 24/44 MP: 6/6
  3017 | D:4      | Noticed Baril's ghost (novice DESu)
  3029 | D:4      | Killed Baril's ghost
  3029 | D:4      | Reached skill level 7 in Maces & Flails
  3029 | D:4      | Gained mutation: You are completely covered in molten scales. (AC +4, rF+) [demonic ancestry]
  3029 | D:4      | Reached XP level 7. HP: 46/50 MP: 7/7
  3159 | D:4      | Found a staircase to the Ecumenical Temple.
  3270 | Temple   | Entered the Ecumenical Temple
  3311 | Temple   | Became a worshipper of Warmaster Okawaru
  3728 | D:5      | Reached skill level 8 in Maces & Flails
  4161 | D:5      | Found Vodghoow's Armour Shoppe.
  4216 | D:5      | Reached skill level 9 in Maces & Flails
  4216 | D:5      | Gained mutation: When hurt, damage is shared between your health and your magic reserves. [demonic ancestry]
  4216 | D:5      | Reached XP level 8. HP: 38/56 MP: 8/8
  4627 | D:5      | Found a glowing silver altar of Zin.
  4863 | D:6      | Got a pair of translucent gloves
  4869 | D:6      | Identified the cursed +0 pair of gloves of the Worm {Str+4} (You found it on level 6 of the Dungeon)
  4962 | D:6      | Reached * piety under Okawaru
  5050 | D:6      | Found a snail-covered altar of Cheibriados.
  5115 | D:6      | Found Hiwidas's Weapon Boutique.
  5387 | D:6      | Reached skill level 10 in Maces & Flails
  5525 | D:6      | Bought the +1 mace of the Madman {protect, MR+} for 254 gold pieces
  5653 | D:7      | Noticed a hippogriff
  5662 | D:7      | Killed a hippogriff
  5679 | D:7      | Found Salappaw's Jewellery Shop.
  5717 | D:7      | Found a shadowy altar of Dithmenos.
  5827 | D:7      | Found Mutubim's Antique Weapon Emporium.
  5870 | D:7      | Found a sparkling altar of Nemelex Xobeh.
  5889 | D:7      | Found Iwux Neeg's Armour Shop.
  5946 | D:7      | Found Ucsuheank's Armour Boutique.
  5970 | D:7      | Reached ** piety under Okawaru
  5970 | D:7      | Reached skill level 11 in Maces & Flails
  5970 | D:7      | Gained mutation: You regenerate magic rapidly. [demonic ancestry]
  5970 | D:7      | Reached XP level 9. HP: 36/61 MP: 3/9
  6678 | D:8      | Found a staircase to the Lair.
  6869 | D:8      | Reached *** piety under Okawaru
  6869 | D:8      | Reached skill level 12 in Maces & Flails
  7174 | D:8      | Noticed Joseph
  7183 | D:8      | Killed Joseph
  7665 | D:8      | Reached skill level 13 in Maces & Flails
  7674 | D:8      | Reached **** piety under Okawaru
  7674 | D:8      | Reached XP level 10. HP: 48/67 MP: 7/10
  7836 | D:8      | Found a snail-covered altar of Cheibriados.
  7867 | D:9      | Found an opulent altar of Gozag.
  7934 | D:9      | Reached skill level 1 in Shields
  7990 | D:9      | Noticed a skeletal warrior
  8024 | D:9      | Killed a skeletal warrior
  8032 | D:9      | Gained mutation: Your magical capacity is low. (-10% MP) [mutagenic meat]
  8033 | D:9      | Gained mutation: You are resistant to hostile enchantments. (MR+) [mutagenic meat]
  8035 | D:9      | Noticed a skeletal warrior
  8052 | D:9      | Noticed a skeletal warrior
  8053 | D:9      | Lost mutation: Your magical capacity is low. (-10% MP) [potion of mutation]
  8053 | D:9      | Lost mutation: You are resistant to hostile enchantments. (MR+) [potion of mutation]
  8053 | D:9      | Gained mutation: You are agile. (Dex +2) [potion of mutation]
  8053 | D:9      | Gained mutation: You are weak. (Str -2) [potion of mutation]
  8053 | D:9      | Gained mutation: You possess an exceptional clarity of mind. [potion of mutation]
  8080 | D:9      | Noticed a catoblepas
  8081 | D:9      | HP: 1/108 [skeletal warrior/battleaxe[a skeletal warrior] (15)]
  8082 | D:9      | Noticed a red ugly thing
  8098 | D:9      | HP: 1/72 [phantom (3)]
  8101 | D:9      | Mangled by a purple ugly thing

Skill      XL: |  1  2  3  4  5  6  7  8  9 10 |
---------------+-------------------------------+-----
Maces & Flails | 3 4 5 6 7 9 11 13 | 13.0
Shields        | 3 |  3.2
Fighting       | 4 |  4.3
Throwing       | |  1.7
Dodging        | |  2.6

Action                   |  1- 3 |  4- 6 |  7- 9 | 10-12 || total
-------------------------+-------+-------+-------+-------++-------
Melee: Flail             |   117 |   190 |   286 |    89 ||   682
       Headbutt          |    11 |    40 |   103 |    19 ||   173
       Mace              |       |       |   208 |       ||   208
       Punch             |       |       |     1 |       ||     1
Invok: Heroism           |       |       |     1 |     1 ||     2
  Use: Potion            |     1 |     3 |     1 |     7 ||    12
       Scroll            |       |       |     7 |     4 ||    11
 Stab: Sleeping          |     2 |       |       |       ||     2
  Eat: Chunk             |     2 |     5 |    17 |     4 ||    28
       Fruit             |       |       |     2 |       ||     2
Armor: Leather armour    |    32 |     7 |       |       ||    39
       Chain mail        |       |   129 |   457 |    75 ||   661
Dodge: Dodged            |    83 |    79 |   246 |    49 ||   457
